 Dungeon Crawl Stone Soup version 0.28-a0-861-ge64d6db94f (webtiles) character file.

Game seed: 10486222129276841655

110 pascalblue the Conjurer (level 4, 0/24 HPs)
             Began as a Deep Elf Conjurer on Nov 15, 2021.
             Slain by an orc (8 damage)
             ... on level 3 of the Dungeon.
             The game lasted 00:05:26 (3172 turns).

pascalblue the Conjurer (Deep Elf Conjurer)         Turns: 3172, Time: 00:05:27

Health: 0/24       AC:  2    Str:  4    XL:     4   Next: 61%
Magic:  1/12       EV: 12    Int: 24    God:
Gold:   151        SH:  0    Dex: 13    Spells: 8/11 levels left

rFire   . . .      SeeInvis .   f - +1 dagger (venom)
rCold   . . .      Faith    .   (no shield)
rNeg    . . .      Spirit   .   a - +0 robe
rPois   .          Reflect  .   (no helmet)
rElec   .          Harm     .   (no cloak)
rCorr   .          Rampage  .   (no gloves)
Will    .....                   (no boots)
Stlth   ++........              (no amulet)
HPRegen 0.08/turn               (no ring)
MPRegen 0.13/turn               (no ring)

@: no status effects
A: no striking features
a: no special abilities


You were on level 3 of the Dungeon.
You visited 1 branch of the dungeon, and saw 3 of its levels.

You collected 151 gold pieces.

Inventory:

Hand Weapons
 f - a +1 dagger of venom (weapon)
Missiles
 o - a boomerang
Armour
 a - a +0 robe (worn)
Jewellery
 g - a ring of wizardry
Scrolls
 b - a scroll of noise {unknown}
 c - a scroll of fog {unknown}
 d - a scroll of summoning {unknown}
 e - 3 scrolls of identify {unknown}
 h - a scroll of brand weapon {unknown}
 j - a scroll of immolation {unknown}
 l - 2 scrolls of vulnerability {unknown}
 m - 2 scrolls of blinking {unknown}
 n - a scroll of teleportation {unknown}
Potions
 i - a potion of might {unknown}
 k - a potion of attraction {unknown}


   Skills:
 + Level 2.7 Dodging
 + Level 3.5 Stealth
 + Level 4.1 Spellcasting
 + Level 5.6 Conjurations


You had 8 spell levels left.
You knew the following spells:

 Your Spells              Type           Power      Damage    Failure   Level
a - Magic Dart            Conj           100%       1d8       1%          1
b - Searing Ray           Conj           64%        2d6       1%          2

Your spell library contained the following spells:

 Spells                   Type           Power      Damage    Failure   Level
 Dazzling Flash           Conj/Hex       36%        N/A       9%          3
 Sting                    Tmut/Pois      16%        1d3       10%         1
 Poisonous Vapours        Pois/Air       8%         N/A       14%         2
 Fulminant Prism          Conj/Hex       9%         3d7       30%         4
 Iskenderun's Mystic Bla  Conj/Tloc      18%        2d6       30%         4
 Olgreb's Toxic Radiance  Pois           4%         N/A       67%         4
 Starburst                Conj/Fire      9%         6d5       99%         6


Dungeon Overview and Level Annotations

Branches:
Dungeon (3/15)

Altars:


Message History

Casting: Magic Dart (safe; 1% risk of failure)
Confirm with . or Enter, or press ? or * to list all spells.
Aiming: Magic Dart (safe; 1% risk of failure)
Press: ? - help, Shift-Dir - straight line, f/p - orc
Aim: an orc, wielding a +0 flail and wearing a +0 scale mail (moderately wounded, 100% to hit)
The magic dart hits the orc but does no damage.
The orc is moderately wounded.
The orc closely misses you. x2
Casting: Magic Dart (safe; 1% risk of failure)
Confirm with . or Enter, or press ? or * to list all spells.
Aiming: Magic Dart (safe; 1% risk of failure)
Press: ? - help, Shift-Dir - straight line, f/p - orc
Aim: an orc, wielding a +0 flail and wearing a +0 scale mail (moderately wounded, 100% to hit)
The magic dart hits the orc.
You kill the orc!
Casting: Magic Dart (safe; 1% risk of failure)
Confirm with . or Enter, or press ? or * to list all spells.
Aiming: Magic Dart (safe; 1% risk of failure)
Press: ? - help, Shift-Dir - straight line, f - orc
Aim: an orc, wielding a +0 flail (100% to hit)
The magic dart hits the orc.
The orc is moderately wounded.
The orc hits you with a +0 flail!
Casting: Magic Dart (safe; 1% risk of failure)
Confirm with . or Enter, or press ? or * to list all spells.
Aiming: Magic Dart (safe; 1% risk of failure)
Press: ? - help, Shift-Dir - straight line, f/p - orc
Aim: an orc, wielding a +0 flail (moderately wounded, 100% to hit)
The magic dart hits the orc.
The orc is severely wounded.
The orc hits you with a +0 flail!
Casting: Magic Dart (safe; 1% risk of failure)
Confirm with . or Enter, or press ? or * to list all spells.
Aiming: Magic Dart (safe; 1% risk of failure)
Press: ? - help, Shift-Dir - straight line, f/p - orc
Aim: an orc, wielding a +0 flail (severely wounded, 100% to hit)
The magic dart hits the orc.
The orc is almost dead.
The orc hits you with a +0 flail!
You die...

#+## #8.8## ##.....## ##8.....8##
# ##.........## # ###8.........8#
# #.o@....[.....+ #
#.#8.........8# # #)##..[......#
.#### #....# #) ##8.....8### ...#
#....# .) ##.....##.# #..
#....### .# ##8.8##..####..
#...... .. ##'##...#.....
#....##.. ..#######......##.#..
.>......#####..........###.#.....


You could see an orc.

Vanquished Creatures
  An orc wizard (D:3)
  An adder (D:2)
  A worm (D:3)
  4 dart slugs (D:1)
  7 orcs (D:3)
  9 endoplasms
  A giant cockroach (D:1)
  3 goblins
  5 hobgoblins
  3 quokkas
  8 ball pythons
  3 bats
  6 frilled lizards
  4 kobolds
  3 rats
59 creatures vanquished.

Notes
Turn   | Place    | Note
-------+----------+-------------------------------------------
     0 | D:1      | pascalblue the Deep Elf Conjurer began the quest for the
                  | Orb.
     0 | D:1      | Reached XP level 1. HP: 10/10 MP: 6/6
   229 | D:1      | Reached XP level 2. HP: 2/15 MP: 0/8
   476 | D:1      | Learned a level 2 spell: Searing Ray
   589 | D:1      | Reached skill level 5 in Conjurations
  1024 | D:1      | Reached XP level 3. HP: 19/19 MP: 6/9
  2794 | D:3      | Reached XP level 4. HP: 24/24 MP: 9/11
  3172 | D:3      | Slain by an orc

Illustrated notes

Levels and vault maps discovered:
D:1:      minmay_arrival_doors, layout_loops_corners, nrook_uturn,
          nrook_mini_vaults, st_stairs_4, minmay_strange_pillars,
          hangedman_decor_growths, minmay_box_of_dots
D:2:      layout_loops_ring
D:3:      layout_basic, serial_co_window_serial, co_window_corner_a,
          co_window_paths_a, co_window_paths_a, co_window_paths_a,
          co_window_of_opportunity_a, co_window_broadway_b,
          co_window_of_opportunity_b, co_window_corner_b, co_window_corner_cb,
          glass_columns_b, glass_columns_a, glass_columns_c, glass_columns_a,
          dk_noncrumbling_4, chequers_serial_rivers_micro_c

Skill      XL: |  1  2  3  4 |
---------------+-------------+-----
Conjurations   | 5 |  5.6
Stealth        | 3 |  3.5
Spellcasting   | 4 |  4.1
Dodging        | |  2.7

Action                   |  1- 3 |  4- 6 || total
-------------------------+-------+-------++-------
Melee: Unarmed           |     4 |       ||     4
 Cast: Magic Dart        |    88 |    16 ||   104
       Searing Ray       |     1 |     2 ||     3
Armor: Robe              |     3 |       ||     3
Dodge: Dodged            |     8 |     3 ||    11

Table legend: (Time is in decaauts)
 A = Elapsed time spent in this place.
 B = Non-inter-level travel time spent in this place.
 C = Inter-level travel time spent in this place.
 D = Time resting spent in this place.
 E = Time spent auto-exploring this place.
 F = Levels seen in this place.
 G = Mean time per level.
                   A        B        C        D        E       F      G
               +--------+--------+--------+--------+--------+-----+--------+
         Total |   3172 |   3027 |    145 |    256 |   2537 |   3 | 1057.3 |
       Dungeon |   3172 |   3027 |    145 |    256 |   2537 |   3 | 1057.3 |
               +--------+--------+--------+--------+--------+-----+--------+

Top non-repeatable levels by time:
     D:1: 1549 daAuts
     D:2: 881 daAuts
     D:3: 742 daAuts
